 Dungeon Crawl Stone Soup version 0.24.0-13-gcf9b3192b9 (webtiles) character file.

Game seed: 7535493457112001744, levelgen mode: deterministic

1136 Gumption the Purveyor of Pain (level 8, -3/52 HPs)
             Began as a Human Necromancer on Nov 8, 2019.
             Was an Initiate of Kikubaaqudgha.
             Slain by an orc warrior
             ... wielding a +0 war axe
              (18 damage)
             ... on level 6 of the Dungeon.
             The game lasted 00:52:30 (7885 turns).

Gumption the Purveyor of Pain (Human Necromancer)   Turns: 7885, Time: 00:52:31

Health: -3/52      AC:  8    Str: 13    XL:     8   Next: 63%
Magic:  14/14      EV: 14    Int: 17    God:    Kikubaaqudgha [......]
Gold:   340        SH:  0    Dex: 14    Spells: 1/16 levels left

rFire    + . .     SeeInvis .   a - +7 war axe of Eternal Night {pain, +Blink rC- MR+}
rCold    . . .     Gourm    .   (no shield)
rNeg     . . .     Faith    .   x - +2 robe {rC+ rF+}
rPois    .         Spirit   .   c - +0 helmet
rElec    .         Reflect  .   D - +0 cloak
rCorr    .         Harm     .   (no gloves)
MR       ++...                  u - +1 pair of boots
Stlth    ++........             (no amulet)
HPRegen  0.17/turn              r - ring of protection from magic
MPRegen  0.14/turn              m - +4 ring of strength

@: no status effects
A: no striking features
a: Renounce Religion, Evoke Blink


You were on level 6 of the Dungeon.
You worshipped Kikubaaqudgha.
Kikubaaqudgha was noncommittal.
You were not hungry.

You visited 2 branches of the dungeon, and saw 7 of its levels.

You collected 340 gold pieces.

Inventory:

Hand Weapons
 a - the +7 war axe of Eternal Night (weapon) {pain, +Blink rC- MR+}
   (You found it on level 4 of the Dungeon)

   In the hands of one skilled in necromantic magic, it inflicts extra damage on
   living creatures.
   It makes you vulnerable to cold.
   It affects your resistance to hostile enchantments.
   It lets you blink.
 b - a +0 hunting sling
 w - a +1 spear
Missiles
 h - 215 stones
 k - 12 poisoned darts
 p - 16 boomerangs (quivered)
Armour
 c - a +0 helmet (worn)
 u - a +1 pair of boots (worn)
 x - a +2 robe of resistance (worn)
 D - a +0 cloak (worn)
Jewellery
 m - a +4 ring of strength (right hand)
 r - a ring of protection from magic (left hand)
 v - an uncursed ring of protection from cold
Wands
 F - a wand of flame (2)
 H - a wand of random effects (7)
Scrolls
 A - a scroll of enchant armour
Potions
 d - 2 potions of invisibility
 f - 2 potions of curing
 g - 2 potions of flight {unknown}
 i - a potion of might {unknown}
 l - 2 potions of ambrosia {unknown}
 n - a potion of magic {unknown}
 q - 2 potions of mutation {unknown}
 s - a potion of brilliance {unknown}
 z - a potion of resistance {unknown}
 E - a potion of berserk rage {unknown}
Comestibles
 e - 11 rations


   Skills:
 + Level 0.1 Fighting
 + Level 4.8 Dodging
 - Level 2.0 Stealth
 + Level 4.5 Spellcasting
 + Level 0.1 Hexes
 - Level 3.0 Charms
 * Level 7.6 Necromancy


You had one spell level left.
You knew the following spells:

 Your Spells              Type           Power        Failure   Level  Hunger
a - Pain                  Necr           ####         1%          1    None
b - Animate Skeleton      Necr           N/A          1%          1    None
c - Vampiric Draining     Necr           ####......   1%          3    ###....
d - Animate Dead          Necr           N/A          6%          4    ####...
e - Confuse               Hex            #.......     38%         3    ###....
z - Regeneration          Chrm/Necr      ###.......   4%          3    ###....

Your spell library contained the following spells:

 Spells                   Type           Power        Failure   Level  Hunger
 Confusing Touch          Hex            #.....       14%         1    None
 Corona                   Hex            #......      14%         1    None
 Apportation              Tloc           #.....       16%         1    None
 Summon Small Mammal      Summ           #...         16%         1    None
 Ensorcelled Hibernation  Hex/Ice        #.....       22%         2    ##.....
 Tukima's Dance           Hex            #.......     38%         3    ###....
 Dazzling Spray           Conj/Hex       #.....       41%         3    ###....


Dungeon Overview and Level Annotations

Branches:
Dungeon (6/15)             Temple (1/1) D:5

Altars:
Ashenzari
Cheibriados
Elyvilon
Fedhas
Gozag
Hepliaklqana
Kikubaaqudgha
Makhleb
Nemelex Xobeh
Okawaru
Ru
Trog
Uskayaw
Xom
Zin
The Shining One

Shops:
D:4 !


Message History

Kikubaaqudgha accepts your kill.
You miss the orc wizard.
The orc wizard hits you but does no damage.
The orc warrior misses you. The orc wizard misses you.
You barely miss the orc warrior.
The orc warrior is moderately wounded.
You slash the orc wizard!
The orc wizard writhes in agony!
You kill the orc wizard!
Kikubaaqudgha accepts your kill.
The orc warrior hits you with a +0 war axe!
* * * LOW HITPOINT WARNING * * *
You hit the orc warrior but do no damage.
The orc warrior writhes in agony.
The orc warrior is moderately wounded.
The orc warrior closely misses you. x2
You closely miss the orc warrior.
The orc warrior is moderately wounded.
The orc warrior hits you with a +0 war axe!!
You die...
Kikubaaqudgha rasps: "You have failed me!
Welcome... death!"

,,,,,,,,.##....#.##.............#
,,*,,,,,..#.#.#...##.............
,,,,*,,#....#.#...##.............
.,,,*,.#......................###
$,..#...!.##........#...........#
.,........#...................###
.,...........<#<.............##*
,,............#†)...##.........**
.,,............o@..##........#..*
.,,,.........................#..*
.*,,,*##....................>.,*,
.*.##*##......................**,
.,....#[..>......##..........,**,
,>,,,#...................#,,,,,*,
,,...#..........#.......##,,,*,,,
*,.......<.....##.......#*,,,*,,,
*,..........#...#.#......**,,***,


You could see an orc warrior.

Vanquished Creatures
  An ogre (D:4)
  An ice beast (D:5)
  A centaur (D:5)
  A bullfrog (D:6)
  A scorpion (D:5)
  A hound (D:4)
  4 orc wizards
  Crazy Yiuf (D:3)
  An orc priest (D:3)
  Jessica (D:3)
  Terence (D:3)
  An iguana (D:5)
  Natasha (thrice) (D:3)
  5 worker ants
  A gnoll (D:1)
  8 adders
  4 worms
  A dart slug (D:1)
  5 leopard geckos
  16 orcs
  A giant cockroach (D:3)
  8 goblins
  9 hobgoblins
  12 jackals
  5 kobolds
  3 quokkas
  8 bats
  4 frilled lizards
  A jackal skeleton (D:6)
  7 rats
116 creatures vanquished.

Vanquished Creatures (collateral kills)
  An ice beast (D:5)
  A dart slug (D:1)
  An orc (D:4)
  A bat (D:3)
  A goblin (D:1)
  A hobgoblin (D:2)
  2 jackals (D:2)
  2 kobolds
  A leopard gecko zombie (D:5)
  2 rats
13 creatures vanquished.

Vanquished Creatures (others)
  A fungus (D:3)
1 creature vanquished.

Grand Total: 130 creatures vanquished

Notes
Turn   | Place    | Note
-------+----------+-------------------------------------------
     0 | D:1      | Gumption the Human Necromancer began the quest for the Orb.
     0 | D:1      | Reached XP level 1. HP: 13/13 MP: 3/3
     2 | D:1      | Learned a level 1 spell: Animate Skeleton
   573 | D:1      | Reached XP level 2. HP: 19/19 MP: 3/5
   735 | D:1      | Reached XP level 3. HP: 24/24 MP: 4/6
  1686 | D:2      | Reached XP level 4. HP: 26/30 MP: 2/7
  1876 | D:2      | Reached skill level 5 in Necromancy
  1930 | D:2      | Learned a level 3 spell: Vampiric Draining
  1934 | D:2      | Learned a level 3 spell: Regeneration
  2059 | D:2      | Reached XP level 5. HP: 31/35 MP: 7/9
  2411 | D:3      | Noticed Jessica
  2422 | D:3      | Killed Jessica
  2537 | D:3      | Noticed Terence
  2555 | D:3      | Killed Terence
  2672 | D:3      | Reached skill level 1 in Charms
  2779 | D:3      | Noticed Natasha
  2784 | D:3      | Killed Natasha
  3011 | D:3      | Reached XP level 6. HP: 41/41 MP: 8/10
  3660 | D:3      | Noticed Natasha
  3675 | D:3      | Killed Natasha
  4154 | D:3      | Found a runed translucent door.
  4155 | D:3      | Noticed Crazy Yiuf
  4427 | D:3      | Killed Crazy Yiuf
  4850 | D:3      | Noticed Natasha
  4860 | D:3      | Killed Natasha
  4860 | D:3      | Reached skill level 6 in Necromancy
  4951 | D:4      | Noticed an ogre
  4970 | D:4      | Killed an ogre
  4970 | D:4      | Reached XP level 7. HP: 45/46 MP: 9/12
  5069 | D:4      | Found Ehocsuur's Distillery.
  5297 | D:4      | Learned a level 4 spell: Animate Dead
  5408 | D:4      | Got a twisted war axe
  5997 | D:5      | Entered Level 5 of the Dungeon
  6264 | D:5      | Found an ancient bone altar of Kikubaaqudgha.
  6270 | D:5      | Reached XP level 8. HP: 41/52 MP: 6/14
  6351 | D:5      | Became a worshipper of Kikubaaqudgha
  6404 | D:5      | Found an ancient bone altar of Kikubaaqudgha.
  6420 | D:5      | Reached skill level 7 in Necromancy
  6704 | D:5      | Identified the +7 war axe of Eternal Night {pain, +Blink
                  | rC- MR+} (You found it on level 4 of the Dungeon)
  7165 | D:5      | Found a staircase to the Ecumenical Temple.
  7174 | Temple   | Entered the Ecumenical Temple
  7859 | D:6      | Learned a level 3 spell: Confuse
  7885 | D:6      | Slain by an orc warrior

Levels and vault maps discovered:
D:1:      minmay_arrival_nine_rooms, layout_rooms, st_stairs_7,
          minmay_misc_feat_tower
D:2:      layout_loops_ring, first_ration, hangedman_decor_clover_reticule
D:3:      layout_loops_ring, uniq_crazy_yiuf_cottage, uniq_natasha,
          uniq_terence, uniq_jessica
D:4:      layout_basic, serial_shops, shop
D:5:      cheibrodos_quashed, layout_basic, lemuel_crystal_altar,
          minmay_temple_entry_poolview, basic_altar, grunt_ministairs_14
D:6:      layout_cave_pools, grunt_dithmenos_shadows, minitemple, serial_shops,
          nicolae_shop_crystal, kennysheep_mini, minmay_manual_mullet
Temple:   regret_index_temple_generic_petals

Skill      XL: |  1  2  3  4  5  6  7  8 |
---------------+-------------------------+-----
Necromancy     | 5 6 7 |  7.6
Dodging        | 3 4 |  4.8
Charms         | 1 2 3 |  3.0
Spellcasting   | 3 4 |  4.5
Fighting       | |  0.1
Stealth        | |  2.0
Hexes          | |  0.1

Action                   |  1- 3 |  4- 6 |  7- 9 || total
-------------------------+-------+-------+-------++-------
Melee: Unarmed           |     6 |       |       ||     6
       Dagger            |    17 |     5 |       ||    22
       Spear             |       |    37 |    19 ||    56
       Quarterstaff      |       |    11 |     5 ||    16
       War axe           |       |       |    18 ||    18
Throw: Boomerang         |       |       |     2 ||     2
 Cast: Pain              |    45 |   114 |    84 ||   243
       Animate Skeleton  |     7 |    27 |    10 ||    44
  Use: Scroll            |       |     2 |    12 ||    14
 Stab: Sleeping          |       |     3 |       ||     3
  Eat: Chunk             |     3 |     8 |     6 ||    17
       Ration            |       |     1 |     1 ||     2
Armor: Robe              |     2 |    16 |    10 ||    28
Dodge: Dodged            |    22 |    47 |    44 ||   113
